MLB
KANSAS CITY ROYALS @ TAMPA BAY RAYS
08/22/2018
 
TOP OF THE 1ST
Kansas City Royals batting - Pitching for Tampa Bay Rays : LHP Cole Hamels
Pitching: LHP Cole Hamels
Batting: LHB Jesse Winker 0-0: Ball
1-0: SINGLE (Groundball, 4MD)
Batting: LHB Joe Mauer 0-0: Hit by Pitch
Jesse Winker to second
Batting: RHB Nolan Arenado 0-0: Called Strike
0-1: Foul Ball, location: 2F
0-2: Foul Ball, location: 2F
0-2: Ball
1-2: SINGLE (Line Drive, 56)
Jesse Winker to third
Joe Mauer to second
Runner from 3rd tries for Home, SAFE, throw by LF to home
Batting: RHB Ian Kinsler 0-0: Ball
1-0: SINGLE (Line Drive, 8LS)
Joe Mauer to third
Nolan Arenado to second
Batting: LHB Lonnie Chisenhall 0-0: Swinging Strike
0-1: Grounds into double play, 1-2-3 (Groundball, 34S)
Nolan Arenado to third
Ian Kinsler to second
Batting: LHB Odubel Herrera 0-0: Fly out, F5 (Popup, 5F)
Top of the 1st over - 1 run, 3 hits, 0 errors, 2 left on base; Kansas City 1 - Tampa Bay 0
BOTTOM OF THE 1ST
Tampa Bay Rays batting - Pitching for Kansas City Royals : LHP Chris Sale
Pitching: LHP Chris Sale
Batting: LHB Michael Conforto 0-0: Called Strike
0-1: Ball
1-1: SOLO HOME RUN (Flyball, 9D), Distance : 361 ft
Batting: RHB Matt Duffy 0-0: Foul Ball, location: 2F
0-1: Ground out 4-3 (Groundball, 4)
Batting: LHB Joey Votto 0-0: Called Strike
0-1: Ball
1-1: Ball
2-1: Ball
3-1: Foul Ball, location: 2F
3-2: Strikes out looking
Batting: RHB Adrian Beltre 0-0: Called Strike
0-1: Called Strike
0-2: Ball
1-2: Foul Ball, location: 2F
1-2: Fly out, F4 (Line Drive, 4)
Bottom of the 1st over - 1 run, 1 hit, 0 errors, 0 left on base; Kansas City 1 - Tampa Bay 1
TOP OF THE 2ND
Kansas City Royals batting - Pitching for Tampa Bay Rays : LHP Cole Hamels
Batting: RHB Kevin Plawecki 0-0: Foul Ball, location: 2F
0-1: Called Strike
0-2: Strikes out swinging
Batting: SHB Melky Cabrera 0-0: Foul Ball, location: 2F
0-1: DOUBLE (Line Drive, 78D)
Batting: RHB Ronald Torreyes 0-0: Called Strike
0-1: Foul Ball, location: 2F
0-2: Strikes out looking
Batting: LHB Jesse Winker 0-0: Ball
1-0: Ground out 4-3 (Groundball, 4S)
Top of the 2nd over - 0 runs, 1 hit, 0 errors, 1 left on base; Kansas City 1 - Tampa Bay 1
BOTTOM OF THE 2ND
Tampa Bay Rays batting - Pitching for Kansas City Royals : LHP Chris Sale
Batting: LHB Adam Eaton 0-0: Called Strike
0-1: TRIPLE (Line Drive, 89XD)
Batting: RHB Zack Cozart 0-0: Foul Ball, location: 2F
0-1: Ball
1-1: Ball
Wild Pitch!
Adam Eaton scores
2-1: Called Strike
2-2: Strikes out swinging
Batting: SHB Neil Walker 0-0: Ball
1-0: SINGLE (Flyball, 89S)
Batting: SHB Ben Zobrist 0-0: Fly out, F8 (Flyball, 78S)
Batting: SHB Tucker Barnhart 0-0: Ball
1-0: Ball
2-0: Foul Ball, location: 2F
2-1: Foul Ball, location: 2F
2-2: Foul Ball, location: 2F
2-2: Ball
3-2: Ground out U3 (Groundball, 3S)
Bottom of the 2nd over - 1 run, 2 hits, 0 errors, 1 left on base; Kansas City 1 - Tampa Bay 2
TOP OF THE 3RD
Kansas City Royals batting - Pitching for Tampa Bay Rays : LHP Cole Hamels
Batting: LHB Joe Mauer 0-0: Ball
1-0: Ball
2-0: Foul Ball, location: 2F
2-1: Foul Ball, location: 2F
2-2: Ground out 1-3 (Groundball, 34S)
Batting: RHB Nolan Arenado 0-0: Ball
1-0: Called Strike
1-1: Ground out 5-3 (Groundball, 56S)
Batting: RHB Ian Kinsler 0-0: Fly out, F8 (Flyball, 8RS)
Top of the 3rd over - 0 runs, 0 hits, 0 errors, 0 left on base; Kansas City 1 - Tampa Bay 2
BOTTOM OF THE 3RD
Tampa Bay Rays batting - Pitching for Kansas City Royals : LHP Chris Sale
Batting: LHB Michael Conforto 0-0: Foul Ball, location: 2F
0-1: Foul Ball, location: 2F
0-2: Fly out, F7 (Flyball, 7S)
Batting: RHB Matt Duffy 0-0: Swinging Strike
0-1: Foul Ball, location: 2F
0-2: Foul Ball, location: 2F
0-2: Strikes out looking
Batting: LHB Joey Votto 0-0: Ground out 6-3 (Groundball, 6M)
Bottom of the 3rd over - 0 runs, 0 hits, 0 errors, 0 left on base; Kansas City 1 - Tampa Bay 2
TOP OF THE 4TH
Kansas City Royals batting - Pitching for Tampa Bay Rays : LHP Cole Hamels
Batting: LHB Lonnie Chisenhall 0-0: Foul Ball, location: 2F
0-1: Ball
1-1: Swinging Strike
1-2: Strikes out swinging
Batting: LHB Odubel Herrera 0-0: Swinging Strike
0-1: Ball
1-1: Ball
2-1: Ball
3-1: Base on Balls
Batting: RHB Kevin Plawecki 0-0: Ball
1-0: Grounds into double play, 6-4-3 (Groundball, 6)
Top of the 4th over - 0 runs, 0 hits, 0 errors, 0 left on base; Kansas City 1 - Tampa Bay 2
BOTTOM OF THE 4TH
Tampa Bay Rays batting - Pitching for Kansas City Royals : LHP Chris Sale
Batting: RHB Adrian Beltre 0-0: Foul Ball, location: 2F
0-1: Called Strike
0-2: Ground out 6-3 (Groundball, 6)
Batting: LHB Adam Eaton 0-0: Called Strike
0-1: Foul Ball, location: 2F
0-2: Ball
1-2: Strikes out swinging
Batting: RHB Zack Cozart 0-0: Foul Ball, location: 2F
0-1: Ground out 6-3 (Groundball, 6)
Bottom of the 4th over - 0 runs, 0 hits, 0 errors, 0 left on base; Kansas City 1 - Tampa Bay 2
TOP OF THE 5TH
Kansas City Royals batting - Pitching for Tampa Bay Rays : LHP Cole Hamels
Batting: SHB Melky Cabrera 0-0: Ball
1-0: Called Strike
1-1: Foul Ball, location: 2F
1-2: Foul Ball, location: 2F
1-2: Fly out, F9 (Flyball, 89M)
Batting: RHB Ronald Torreyes 0-0: Called Strike
0-1: Ball
1-1: Called Strike
1-2: Ground out U3 (Groundball, 34)
Batting: LHB Jesse Winker 0-0: Ground out U3 (Groundball, 34)
Top of the 5th over - 0 runs, 0 hits, 0 errors, 0 left on base; Kansas City 1 - Tampa Bay 2
BOTTOM OF THE 5TH
Tampa Bay Rays batting - Pitching for Kansas City Royals : LHP Chris Sale
Batting: SHB Neil Walker 0-0: Ball
1-0: Called Strike
1-1: Ball
2-1: Foul Ball, location: 2F
2-2: SINGLE (Groundball, 4D)
Batting: SHB Ben Zobrist 0-0: Ball
1-0: Foul Ball, location: 2F
1-1: Ball
2-1: Ball
3-1: Foul Ball, location: 2F
3-2: SINGLE (Groundball, 56D)
Neil Walker to second
Batting: SHB Tucker Barnhart 0-0: Called Strike
0-1: Ball
1-1: Ball
2-1: Fly out, F7 (Flyball, 7D)
Batting: LHB Michael Conforto 0-0: Ball
1-0: Ball
2-0: Called Strike
2-1: Fielders Choice at 2nd, 3-6 (Groundball, 3)
Neil Walker to third
Batting: RHB Matt Duffy 0-0: DOUBLE (Line Drive, 7LM)
Neil Walker scores
Michael Conforto to third
Runner from 3rd tries for Home, SAFE, no throw by LF
Batting: LHB Joey Votto 0-0: Swinging Strike
0-1: Ball
1-1: Called Strike
1-2: Strikes out swinging, 2-3 out at first.
Bottom of the 5th over - 2 runs, 3 hits, 0 errors, 1 left on base; Kansas City 1 - Tampa Bay 4
TOP OF THE 6TH
Kansas City Royals batting - Pitching for Tampa Bay Rays : LHP Cole Hamels
Batting: LHB Joe Mauer 0-0: Called Strike
0-1: Ball
1-1: SINGLE (Groundball, 6D)
Batting: RHB Nolan Arenado 0-0: Swinging Strike
0-1: Swinging Strike
0-2: 2-RUN HOME RUN (Flyball, 7D), Distance : 359 ft
Batting: RHB Ian Kinsler 0-0: Ball
1-0: Swinging Strike
1-1: Ball
2-1: Ball
3-1: Swinging Strike
3-2: Foul Ball, location: 2F
3-2: Fly out, F3 (Line Drive, 3)
Batting: LHB Lonnie Chisenhall 0-0: Foul Ball, location: 2F
0-1: Fly out, F2 (Popup, 2L)
Batting: LHB Odubel Herrera 0-0: Ball
1-0: Foul Ball, location: 2F
1-1: SINGLE (Line Drive, 8LS)
Batting: RHB Kevin Plawecki 0-0: Ball
1-0: Ball
2-0: Ball
3-0: Called Strike
3-1: Base on Balls
Odubel Herrera to second
Batting: SHB Melky Cabrera 0-0: Called Strike
0-1: Ball
1-1: Called Strike
1-2: Ball
2-2: Strikes out looking
Top of the 6th over - 2 runs, 3 hits, 0 errors, 2 left on base; Kansas City 3 - Tampa Bay 4
BOTTOM OF THE 6TH
Tampa Bay Rays batting - Pitching for Kansas City Royals : LHP Chris Sale
Batting: RHB Adrian Beltre 0-0: Foul Ball, location: 2F
0-1: Ball
1-1: Ball
2-1: Fly out, F9 (Flyball, 9LS)
Batting: LHB Adam Eaton 0-0: Ball
1-0: Called Strike
1-1: Ball
2-1: Ground out 1-3 (Groundball, 34S)
Batting: RHB Zack Cozart 0-0: Ground out 5-3 (Groundball, 56S)
Bottom of the 6th over - 0 runs, 0 hits, 0 errors, 0 left on base; Kansas City 3 - Tampa Bay 4
TOP OF THE 7TH
Kansas City Royals batting - Pitching for Tampa Bay Rays : LHP Cole Hamels
Batting: RHB Ronald Torreyes 0-0: Ball
1-0: Foul Ball, location: 2F
1-1: Swinging Strike
1-2: Fly out, F9 (Flyball, 9D)
Batting: LHB Jesse Winker 0-0: Ball
1-0: Fly out, F9 (Flyball, 9)
Batting: LHB Joe Mauer 0-0: Ball
1-0: Ball
2-0: Ball
3-0: Base on Balls
Batting: RHB Nolan Arenado 0-0: Ball
1-0: Fly out, F8 (Flyball, 78D)
Top of the 7th over - 0 runs, 0 hits, 0 errors, 1 left on base; Kansas City 3 - Tampa Bay 4
BOTTOM OF THE 7TH
Tampa Bay Rays batting - Pitching for Kansas City Royals : LHP Chris Sale
Batting: SHB Neil Walker 0-0: Called Strike
0-1: Called Strike
0-2: TRIPLE (Flyball, 8RXD)
Pinch Hitting: RHB A.J. Pollock 0-0: Fly out, F9 (Flyball, 9S)
Batting: SHB Tucker Barnhart 0-0: Ball
1-0: Ball
2-0: Called Strike
2-1: Foul Ball, location: 2F
2-2: Strikes out swinging
Batting: LHB Michael Conforto 0-0: Called Strike
0-1: Called Strike
0-2: Ball
1-2: Ball
2-2: Strikes out swinging
Bottom of the 7th over - 0 runs, 1 hit, 0 errors, 1 left on base; Kansas City 3 - Tampa Bay 4
TOP OF THE 8TH
Kansas City Royals batting - Pitching for Tampa Bay Rays : LHP Cole Hamels
Pitching: LHP James Pazos
Now in CF: A.J. Pollock
Batting: RHB Ian Kinsler 0-0: Swinging Strike
0-1: Foul Ball, location: 2F
0-2: Ball
1-2: Foul Ball, location: 2F
1-2: Ball
2-2: Strikes out looking
Batting: LHB Lonnie Chisenhall 0-0: Swinging Strike
0-1: Called Strike
0-2: Ball
1-2: Strikes out swinging
Batting: LHB Odubel Herrera 0-0: Called Strike
0-1: Foul Ball, location: 2F
0-2: Ball
1-2: Strikes out looking
Top of the 8th over - 0 runs, 0 hits, 0 errors, 0 left on base; Kansas City 3 - Tampa Bay 4
BOTTOM OF THE 8TH
Tampa Bay Rays batting - Pitching for Kansas City Royals : LHP Chris Sale
Batting: RHB Matt Duffy 0-0: Ball
1-0: Ball
2-0: Ball
3-0: Base on Balls
Pitching: RHP Adam Warren
Batting: LHB Joey Votto 0-0: Called Strike
0-1: SINGLE (Line Drive, 8LS)
Matt Duffy to second
Batting: RHB Adrian Beltre 0-0: Foul Ball, location: 2F
0-1: Foul Ball, location: 2F
0-2: Foul Ball, location: 2F
0-2: Foul Ball, location: 2F
0-2: SINGLE (Line Drive, 5D)
Matt Duffy to third
Joey Votto to second
Batting: LHB Adam Eaton 0-0: DOUBLE (Line Drive, 7LM)
Matt Duffy scores
Joey Votto scores
Adrian Beltre to third
Pitching: LHP Matt Strahm
Batting: RHB Zack Cozart 0-0: Foul Ball, location: 2F
0-1: Called Strike
0-2: Foul Ball, location: 2F
0-2: Fly out, F8 (Flyball, 78S)
Batting: SHB Neil Walker 0-0: Swinging Strike
0-1: Called Strike
0-2: Ball
1-2: Ball
2-2: Ball
3-2: DOUBLE (Line Drive, 89XD)
Adrian Beltre scores
Adam Eaton scores
Batting: RHB A.J. Pollock 0-0: Foul Ball, location: 2F
0-1: Ball
1-1: Ball
2-1: Called Strike
2-2: Foul Ball, location: 2F
2-2: SINGLE (Groundball, 34D)
Neil Walker to third
Runner from 3rd tries for Home, SAFE, no throw by RF
Batting: SHB Tucker Barnhart 0-0: Foul Ball, location: 2F
0-1: Ball
1-1: Swinging Strike
1-2: Strikes out swinging
Batting: LHB Michael Conforto 0-0: Called Strike
A.J. Pollock steals 2nd base
0-1: Ball
1-1: Ball
2-1: Ball
3-1: Called Strike
3-2: Foul Ball, location: 2F
3-2: SINGLE (Flyball, 7LS)
A.J. Pollock to third
A.J. Pollock scores
Batting: RHB Matt Duffy 0-0: Fly out, F1 (Line Drive, P)
Bottom of the 8th over - 6 runs, 6 hits, 0 errors, 1 left on base; Kansas City 3 - Tampa Bay 10
TOP OF THE 9TH
Kansas City Royals batting - Pitching for Tampa Bay Rays : LHP James Pazos
Batting: RHB Kevin Plawecki 0-0: Ball
1-0: Foul Ball, location: 2F
1-1: Ball
2-1: SINGLE (Line Drive, 7S)
Batting: SHB Melky Cabrera 0-0: Ball
1-0: Grounds into double play, 4-6-3 (Groundball, 4)
Batting: RHB Ronald Torreyes 0-0: Fly out, F1 (Line Drive, P)
Top of the 9th over - 0 runs, 1 hit, 0 errors, 0 left on base; Kansas City 3 - Tampa Bay 10
Wednesday, October 31st, 2018 - OOTP Baseball 19.8 Build 79